 Dungeon Crawl Stone Soup version 0.31-a0-700-gf13585253f (webtiles) character file.

Game seed: 1415754156668441687

4 arglypuff the Grasshopper (level 1, -2/18 HPs)
             Began as an Armataur Warper on Sept 8, 2023.
             Slain by a goblin
             ... wielding a +0 club
              (4 damage)
             ... on level 1 of the Dungeon.
             The game lasted 00:00:23 (93 turns).

arglypuff the Grasshopper (Armataur Warper)           Turns: 93, Time: 00:00:25

Health: -2/18      AC:  4    Str: 16    XL:     1   Next: 50%
Magic:  3/3        EV:  9    Int: 13    God:
Gold:   0          SH:  0    Dex:  9    Spells: 3/3 levels left

rFire   . . .        a - +0 falchion
rCold   . . .        (no shield)
rNeg    . . .        b - +0 leather armour
rPois   .            (no helmet)
rElec   .            (no cloak)
rCorr   .            (no gloves)
SInv    .            (no barding)
Will    .....        (no amulet)
Stlth   +            (no ring)
HPRegen 0.23/turn    (no ring)
MPRegen 0.08/turn

%: roll
@: no status effects
A: large, rugged brown scales 3, deformed body, armoured tail, roll, long
tongue, awkward tongue
a: no special abilities


You were on level 1 of the Dungeon.
You visited 1 branch of the dungeon, and saw 1 of its levels.

Inventory:

Hand Weapons
 a - a +0 falchion (weapon)
Missiles
 d - 7 darts of dispersal (quivered)
Armour
 b - a +0 leather armour (worn)
Jewellery
 f - a ring of ice
 g - an amulet of the acrobat
Scrolls
 c - a scroll of blinking
 e - 2 scrolls of torment {unknown}


   Skills:
 + Level 1.7 Fighting
 + Level 1.7 Long Blades
 + Level 0.8 Throwing
 + Level 1.5 Armour
 + Level 1.3 Dodging
 + Level 1.9 Spellcasting
 + Level 3.1 Translocations


You had 3 spell levels left.
You didn't know any spells.
Your spell library contained the following spells:

 Spells                   Type           Power      Damage    Failure   Level
 Blink                    Tloc           18%        N/A       14%         2
 Lesser Beckoning         Tloc           18%        N/A       14%         2
 Teleport Other           Tloc           9%         N/A       26%         3
 Manifold Assault         Tloc           9%         N/A       65%         4
 Vhi's Electric Charge    Tloc/Air       10%        N/A       86%         4


Dungeon Overview and Level Annotations

Branches:
Dungeon (1/15)

Altars:


Innate Abilities, Weirdness & Mutations

You are completely covered in rugged brown scales. (AC +3, +7% HP)
Armour fits poorly on your strangely shaped body.
You have a long armoured tail.
You roll when moving toward enemies. (Rampage)
Your long tongue fully drains potion bottles. (2x potion effects)
Your tongue gives you trouble enunciating. (1.5x scroll delay)


Message History

A goblin comes into view. It is wielding a +0 club.
The goblin shouts!
A goblin is nearby!
You roll towards the goblin!
Found 12 gold pieces.
A goblin comes into view. It is wielding a +0 club.
The goblin shouts!
A hobgoblin comes into view.
The goblin moves out of view.
You roll towards the goblin!
A rat comes into view.
Found a purple potion.
Found a scroll labelled MEASID KEWO.
The goblin barely misses you.
The hobgoblin shouts!
The goblin attacks as it pursues you! The goblin hits you with a +0 club.
The goblin attacks as it pursues you! The goblin closely misses you.
You closely miss the hobgoblin. The hobgoblin barely misses you.
The goblin hits you with a +0 club. The hobgoblin barely misses you.
You hit the hobgoblin.
The hobgoblin is moderately wounded.
The rat twitches its whiskers.
The hobgoblin hits you. The goblin closely misses you.
You barely miss the hobgoblin.
The hobgoblin is moderately wounded.
The hobgoblin completely misses you. The goblin hits you but does no damage.
The goblin hits you with a +0 club.
You barely miss the hobgoblin.
The hobgoblin is moderately wounded.
The hobgoblin hits you. The goblin hits you but does no damage.
The goblin hits you with a +0 club.
You hit the hobgoblin.
Your tail-slap misses the hobgoblin.
The hobgoblin is severely wounded.
The hobgoblin hits you. The goblin hits you with a +0 club. x2
* * * LOW HITPOINT WARNING * * *
You hit the hobgoblin but do no damage.
The hobgoblin is severely wounded.
The hobgoblin hits you but does no damage.
The goblin hits you with a +0 club.
* * * LOW HITPOINT WARNING * * *
The goblin hits you with a +0 club.
You die...

#.8.#.....## #...#...###
#.>.#.....# #...#.###.##
#.8.#.# #..# #...#.#
##.# #.8.# #.## #...#
#..#########.
###.8.#######..g@g..$...
...........#...g########
...........####r.)...##
....<......# #.......#
...........# #..........
...........#.....r.....#
#############..........#
#..........#
##!........#


You could see a hobgoblin, 2 goblins and a rat.

Vanquished Creatures
  An endoplasm (D:1)
  A giant cockroach (D:1)
  A goblin (D:1)
3 creatures vanquished.

Notes
Turn   | Place    | Note
-------+----------+-------------------------------------------
     0 | D:1      | arglypuff the Armataur Warper began the quest for the Orb.
     0 | D:1      | Reached XP level 1. HP: 18/18 MP: 3/3
    93 | D:1      | Slain by a goblin

Illustrated notes

Levels and vault maps discovered:
D:1:      lemuel_arrival_hallway, layout_rooms, kennysheep_decorative_pillar,
          dreamdust_mushroom_princess, hangedman_feature_mirror

Action                     || total
---------------------------++-------
  Melee: Falchion          ||    19
         Tailslap          ||     1
 Armour: Leather armour    ||    22
  Dodge: Dodged            ||    10

Table legend: (Time is in decaauts)
 A = Elapsed time spent in this place.
 B = Non-inter-level travel time spent in this place.
 C = Inter-level travel time spent in this place.
 D = Time resting spent in this place.
 E = Time spent auto-exploring this place.
 F = Levels seen in this place.
 G = Mean time per level.
                   A        B        C        D        E       F      G
               +--------+--------+--------+--------+--------+-----+--------+
         Total |     96 |     96 |      0 |      0 |     59 |   1 |   96.0 |
       Dungeon |     96 |     96 |      0 |      0 |     59 |   1 |   96.0 |
               +--------+--------+--------+--------+--------+-----+--------+

Top non-repeatable levels by time:
     D:1: 96 daAuts
